 Dungeon Crawl Stone Soup version 0.24.0-123-gd5b16e6ec5 (webtiles) character file.

Game seed: 17487196763123428938, levelgen mode: deterministic

775 FishyPogo the Quickloader (level 7, -7/51 HPs)
             Began as a Gnoll Wanderer on Jan 2, 2020.
             Was an Initiate of Makhleb.
             Mangled by an ogre
             ... wielding a +0 giant club
              (23 damage)
             ... on level 5 of the Dungeon.
             The game lasted 00:14:01 (3967 turns).

FishyPogo the Quickloader (Gnoll Wanderer)          Turns: 3967, Time: 00:14:02

Health: -7/51      AC:  5    Str: 20    XL:     7   Next: 84%
Magic:  10/11      EV: 13    Int: 12    God:    Makhleb [......]
Gold:   229        SH:  0    Dex: 13    Spells: 11/11 levels left

rFire    . . .     SeeInvis .   a - +2 dagger (venom)
rCold    . . .     Gourm    .   (no shield)
rNeg     . . .     Faith    .   g - +0 robe
rPois    .         Spirit   .   (no helmet)
rElec    .         Reflect  .   x - scarf {cloud immunity}
rCorr    .         Harm     .   i - +1 pair of gloves
MR       .....                  q - +0 pair of boots
Stlth    +++.......             (no amulet)
HPRegen  0.17/turn              (no ring)
MPRegen  0.12/turn              (no ring)

@: no status effects
A: distributed training, fangs 1, strong nose
a: Renounce Religion


You were on level 5 of the Dungeon.
You worshipped Makhleb.
Makhleb was noncommittal.
You were hungry.

You visited 2 branches of the dungeon, and saw 6 of its levels.

You collected 229 gold pieces.

Inventory:

Hand Weapons
 a - a +2 dagger of venom (weapon)
 b - a +2 whip of electrocution
 c - a +0 hand crossbow
Missiles
 d - 74 bolts
 e - 26 poisoned darts (quivered)
 o - 133 stones
Armour
 g - a +0 robe (worn)
 i - a +1 pair of gloves (worn)
 q - a +0 pair of boots (worn)
 x - a scarf of cloud immunity (worn)
Magical Staves
 A - an uncursed staff of poison
Jewellery
 l - an uncursed ring of wizardry
 r - an uncursed ring of ice
 t - an uncursed amulet of the gourmand {unknown}
 v - an uncursed amulet of harm {unknown}
 D - an uncursed ring of protection from cold
Scrolls
 j - 7 scrolls of identify {unknown}
 m - 2 scrolls of remove curse {unknown}
 p - 2 scrolls of fog {unknown}
 s - 2 scrolls of enchant armour
 w - a scroll of fear {unknown}
 y - a scroll of amnesia {unknown}
 B - 2 scrolls of teleportation {unknown}
Potions
 f - 2 potions of berserk rage
 k - 2 potions of agility {unknown}
 n - 2 potions of curing {unknown}
 u - a potion of heal wounds {unknown}
 z - a potion of might {unknown}
 C - 2 potions of degeneration {unknown}
 E - a potion of brilliance {unknown}
 F - a potion of magic {unknown}
 G - a potion of mutation {unknown}
Comestibles
 h - 9 rations


   Skills:
 + Level 2.7 Fighting
 + Level 2.7 Short Blades
 + Level 2.7 Long Blades
 + Level 2.7 Axes
 + Level 2.7 Maces & Flails
 + Level 2.7 Polearms
 + Level 2.7 Staves
 + Level 2.7 Slings
 + Level 2.7 Bows
 + Level 9.0 Crossbows
 + Level 3.8 Throwing
 + Level 3.8 Armour
 + Level 2.7 Dodging
 + Level 6.6 Stealth
 + Level 2.7 Shields
 + Level 2.7 Unarmed Combat
 + Level 2.7 Spellcasting
 + Level 2.2 Conjurations
 + Level 2.2 Hexes
 + Level 2.2 Charms
 + Level 2.2 Summonings
 + Level 2.2 Necromancy
 + Level 2.2 Translocations
 + Level 2.2 Transmutations
 + Level 2.2 Fire Magic
 + Level 2.2 Ice Magic
 + Level 2.2 Air Magic
 + Level 2.2 Earth Magic
 + Level 2.2 Poison Magic
 + Level 3.0 Invocations
 + Level 3.8 Evocations


You had 11 spell levels left.
You didn't know any spells.
Your spell library was empty.

Dungeon Overview and Level Annotations

Branches:
Dungeon (5/15)             Temple (1/1) D:4

Altars:
Ashenzari
Elyvilon
Fedhas
Gozag
Hepliaklqana
Kikubaaqudgha
Makhleb
Nemelex Xobeh
Ru
Sif Muna
Trog
Uskayaw
Vehumet
Xom
Zin


Innate Abilities, Weirdness & Mutations

Your experience applies equally to all skills.
You have very sharp teeth.
Your uncanny sense of smell can sniff out nearby items.


Message History

The centaur is almost dead.
The centaur misses you. The ogre misses you. The centaur misses you.
The centaur wields a +0 shortbow.
The centaur shoots an arrow.
The arrow hits you.
You see here 2 arrows.
You hit the ogre.
The ogre is poisoned.
The ogre is moderately wounded.
The ogre shouts!
You hit the ogre but do no damage.
The ogre is moderately wounded.
Something shouts, "Turn tail, thou defiled tip-merry blabberskite!"
You kill the centaur!
Makhleb accepts your kill.
Your Crossbows skill increases to level 9!
Your Invocations skill increases to level 3!
The ogre closely misses you.
You hit the ogre.
The ogre looks even sicker.
The ogre is moderately wounded.
The ogre hits you with a +0 giant club!!
You die...

###.....................
###.##.......>..........
#......##........###....
#............###.# ##...
##...............#*#....
#.............#.......)
##.........##..##.......
*#....<.....#####*.......
*#..#...(@O.(#*,**,......,
*...#.....).......,....#.,
*##....###........*###.#,,
**#....,,.........,*,*##,,
***...#.#,,.........,,,,,,,,
**,....#.*,..........,,,,,,,,
*,,(.#*..,,.....O....,,,,,,,,
*,,,**##**#..........,,,,,,**
*,,,,**,**,,,,,,,,,,,,,,,,,,,


You could see 2 ogres.

Vanquished Creatures
  An ice beast (D:4)
  An ogre (D:4)
  A centaur (D:5)
  A bullfrog (D:4)
  A howler monkey (D:4)
  A quasit (D:4)
  An orc priest (D:3)
  3 orc wizards (D:4)
  4 worker ants (D:4)
  4 adders
  A gnoll (D:1)
  A shadow imp (D:5)
  An ooze (D:3)
  4 worms
  3 dart slugs
  2 leopard geckos
  15 orcs
  13 bats
  2 giant cockroaches
  11 goblins
  12 hobgoblins
  2 jackals (D:3)
  6 frilled lizards
  6 kobolds
  A quokka skeleton (D:5)
  10 rats
108 creatures vanquished.

Notes
Turn   | Place    | Note
-------+----------+-------------------------------------------
     0 | D:1      | FishyPogo the Gnoll Wanderer began the quest for the Orb.
     0 | D:1      | FishyPogo set off with the following items: a +2 dagger, a
                  | potion of berserk rage, a +0 hand crossbow, 29 bolts, 13
                  | poisoned darts, a +0 dagger, a +0 robe, a ration
     0 | D:1      | Reached XP level 1. HP: 13/13 MP: 2/2
    72 | D:1      | Reached XP level 2. HP: 19/19 MP: 3/3
   443 | D:1      | Reached XP level 3. HP: 25/25 MP: 4/4
   675 | D:1      | Reached skill level 1 in Invocations
   988 | D:2      | Reached skill level 1 in Fighting
   988 | D:2      | Reached skill level 1 in Short Blades
   988 | D:2      | Reached skill level 1 in Long Blades
   988 | D:2      | Reached skill level 1 in Axes
   988 | D:2      | Reached skill level 1 in Maces & Flails
   988 | D:2      | Reached skill level 1 in Polearms
   988 | D:2      | Reached skill level 1 in Staves
   988 | D:2      | Reached skill level 1 in Slings
   988 | D:2      | Reached skill level 1 in Bows
   988 | D:2      | Reached skill level 1 in Dodging
   988 | D:2      | Reached skill level 1 in Shields
   988 | D:2      | Reached skill level 1 in Unarmed Combat
   988 | D:2      | Reached skill level 1 in Spellcasting
  1017 | D:2      | Reached XP level 4. HP: 32/32 MP: 6/6
  1420 | D:3      | You fall into a shaft and drop 2 floors!
  1420 | D:5      | Entered Level 5 of the Dungeon
  1433 | D:5      | Noticed an ogre
  1520 | D:5      | Noticed a centaur
  1605 | D:4      | Reached skill level 1 in Conjurations
  1605 | D:4      | Reached skill level 1 in Hexes
  1605 | D:4      | Reached skill level 1 in Charms
  1605 | D:4      | Reached skill level 1 in Summonings
  1605 | D:4      | Reached skill level 1 in Necromancy
  1605 | D:4      | Reached skill level 1 in Translocations
  1605 | D:4      | Reached skill level 1 in Transmutations
  1605 | D:4      | Reached skill level 1 in Fire Magic
  1605 | D:4      | Reached skill level 1 in Ice Magic
  1605 | D:4      | Reached skill level 1 in Air Magic
  1605 | D:4      | Reached skill level 1 in Earth Magic
  1605 | D:4      | Reached skill level 1 in Poison Magic
  1605 | D:4      | Reached XP level 5. HP: 25/37 MP: 7/7
  1615 | D:4      | Noticed an ogre
  1685 | D:4      | Killed an ogre
  1687 | D:4      | Noticed an ice beast
  1718 | D:4      | Reached XP level 6. HP: 20/44 MP: 8/8
  2146 | D:3      | Found a bloodstained altar of Trog.
  2149 | D:3      | Found an ancient bone altar of Kikubaaqudgha.
  2152 | D:3      | Found a blossoming altar of Fedhas.
  2163 | D:3      | Found a white marble altar of Elyvilon.
  2530 | D:3      | Found a shimmering blue altar of Sif Muna.
  2819 | D:4      | Killed an ice beast
  3097 | D:4      | Reached XP level 7. HP: 50/50 MP: 10/10
  3169 | D:4      | Found a staircase to the Ecumenical Temple.
  3210 | Temple   | Entered the Ecumenical Temple
  3334 | Temple   | Became a worshipper of Makhleb the Destroyer
  3575 | D:4      | Found a sacrificial altar of Ru.
  3681 | D:4      | HP: 2/51 [orc wizard/+0 trident (2)]
  3687 | D:4      | HP: 1/51 [orc wizard/+0 trident (1)]
  3966 | D:5      | Reached skill level 9 in Crossbows
  3967 | D:5      | Mangled by an ogre

Levels and vault maps discovered:
D:1:      ebering_hopf_link, layout_loops_ring, minmay_misc_feat_alley,
          minmay_bisected
D:2:      layout_rooms, serial_glass, glass_columns_c, glass_columns_a
D:3:      layout_basic, lemuel_blue_sif_altar, grunt_temple_overflow_cloverleaf,
          first_ration, guppyfry_early_orc_mine
D:4:      layout_loops_ring, nicolae_ru_great_annihilating_truth,
          minmay_temple_entry_statues
D:5:      layout_cave_pools, lemuel_crystal_altar, uniq_pikel
Temple:   nicolae_temple_figure_zero

Skill      XL: |  1  2  3  4  5  6  7 |
---------------+----------------------+-----
Stealth        | 6 |  6.6
Invocations    | 1 2 3 |  3.0
Fighting       | 1 2 |  2.7
Short Blades   | 1 2 |  2.7
Long Blades    | 1 2 |  2.7
Axes           | 1 2 |  2.7
Maces & Flails | 1 2 |  2.7
Polearms       | 1 2 |  2.7
Staves         | 1 2 |  2.7
Slings         | 1 2 |  2.7
Bows           | 1 2 |  2.7
Dodging        | 1 2 |  2.7
Shields        | 1 2 |  2.7
Unarmed Combat | 1 2 |  2.7
Spellcasting   | 1 2 |  2.7
Conjurations   | 1 2 |  2.2
Hexes          | 1 2 |  2.2
Charms         | 1 2 |  2.2
Summonings     | 1 2 |  2.2
Necromancy     | 1 2 |  2.2
Translocations | 1 2 |  2.2
Transmutations | 1 2 |  2.2
Fire Magic     | 1 2 |  2.2
Ice Magic      | 1 2 |  2.2
Air Magic      | 1 2 |  2.2
Earth Magic    | 1 2 |  2.2
Poison Magic   | 1 2 |  2.2
Throwing       | 3 |  3.8
Armour         | 3 |  3.8
Evocations     | 3 |  3.8
Crossbows      | 9 |  9.0

Action                   |  1- 3 |  4- 6 |  7- 9 || total
-------------------------+-------+-------+-------++-------
Melee: Dagger            |    87 |   131 |    51 ||   269
       Bite              |    10 |    18 |     7 ||    35
       Whip              |       |    13 |       ||    13
       Punch             |       |     4 |       ||     4
 Fire: Hand crossbow     |     4 |       |       ||     4
Throw: Dart              |     5 |    10 |     2 ||    17
  Use: Scroll            |       |     2 |       ||     2
       Potion            |       |     1 |       ||     1
 Stab: Sleeping          |    14 |     6 |     6 ||    26
       Paralysed         |       |       |     1 ||     1
  Eat: Chunk             |       |     7 |     2 ||     9
Armor: Robe              |    19 |    33 |     6 ||    58
Dodge: Dodged            |    42 |   101 |    23 ||   166
